 Dungeon Crawl Stone Soup version 0.32-a0-913-g739538afd8 (webtiles) character file.

Game seed: 17753249641347105231

3819 zazu2006 the Slicer (level 10, -4/74 HPs)
             Began as a Gnoll Wanderer on Apr 9, 2024.
             Was a Follower of Vehumet.
             Killed by divine providence
             ... invoked by an orc priest
              (11 damage)
             ... on level 1 of the Orcish Mines.
             The game lasted 00:13:51 (3384 turns).

zazu2006 the Slicer (Gnoll Wanderer)                Turns: 3384, Time: 00:13:52

Health: -4/74      AC:  4    Str:  9    XL:     10   Next: 17%
Magic:  16/17      EV: 16    Int: 11    God:    Vehumet [*.....]
Gold:   369        SH:  9    Dex: 23    Spells: 19/19 levels left

rFire   . . .        u - +5 short sword
rCold   . . .        (no shield)
rNeg    . . .        m - +0 robe of Hadjma {Slay+2}
rPois   .            (no helmet)
rElec   .            i - +0 cloak
rCorr   .            (no gloves)
SInv    .            A - +0 pair of boots
Will    .....        g - amulet of reflection
Stlth   +++          j - +6 ring of dexterity
HPRegen 0.32/turn    w - ring of wizardry
MPRegen 0.15/turn

%: reflection, wizardry (x1)
@: no status effects
A: fangs 1, strong nose, distributed training, large bone plates 1, deformed
body, weak 1, inability to read after injury 1, MP-powered wands
a: Renounce Religion


You were on level 1 of the Orcish Mines.
You worshipped Vehumet.
Vehumet was aware of your devotion.
You visited 2 branches of the dungeon, and saw 10 of its levels.

You collected 369 gold pieces.

Inventory:

Hand Weapons
 b - a +0 sling
 f - a +0 long sword of freezing
 u - a +5 short sword (weapon)
Missiles
 s - 3 poisoned darts (quivered)
Armour
 i - a +0 cloak (worn)
 m - the +0 robe of Hadjma (worn) {Slay+2}
   (You found it on level 4 of the Dungeon)

   Slay+2:    It affects your accuracy & damage with ranged weapons and melee
   (+2).
 A - a +0 pair of boots (worn)
 D - a +1 leather armour of fire resistance
Jewellery
 g - an amulet of reflection (around neck)
 j - a +6 ring of dexterity (left hand)
 l - a ring of see invisible
 w - a ring of wizardry (right hand)
Wands
 x - a wand of warping (8)
 z - a wand of polymorph (7)
Scrolls
 c - a scroll of revelation {unknown}
 h - a scroll of silence
 n - a scroll of enchant armour
 p - a scroll of teleportation {unknown}
 q - a scroll of vulnerability {unknown}
 r - a scroll of poison {unknown}
 y - a scroll of immolation
 C - a scroll of noise
Potions
 a - a potion of degeneration {unknown}
 d - a potion of haste
 k - a potion of curing
 o - 2 potions of ambrosia
 t - a potion of heal wounds
 v - a potion of brilliance {unknown}


   Skills:
 + Level 5.2 Fighting
 + Level 10.0 Short Blades
 + Level 5.2 Long Blades
 + Level 5.2 Axes
 + Level 5.2 Maces & Flails
 + Level 5.2 Polearms
 + Level 5.2 Staves
 + Level 7.0 Ranged Weapons
 + Level 5.2 Throwing
 + Level 5.9 Armour
 + Level 7.0 Dodging
 + Level 5.2 Stealth
 + Level 5.2 Shields
 + Level 5.2 Unarmed Combat
 + Level 5.2 Spellcasting
 + Level 4.3 Conjurations
 + Level 4.3 Hexes
 + Level 4.3 Summonings
 + Level 4.3 Necromancy
 + Level 4.3 Translocations
 + Level 4.3 Fire Magic
 + Level 4.3 Ice Magic
 + Level 4.3 Air Magic
 + Level 4.3 Earth Magic
 + Level 4.3 Alchemy
 + Level 6.3 Invocations
 + Level 5.2 Evocations
 + Level 4.7 Shapeshifting


You had 19 spell levels left.
You didn't know any spells.
Your spell library contained the following spells:

 Spells                   Type           Power      Damage    Failure   Level
 Shock                    Conj/Air       48%        1d6       1%          1
 Apportation              Tloc           24%        N/A       1%          1
 Jinxbite                 Hex            24%        N/A       2%          2
 Alistair's Intoxication  Alch           8%         N/A       36%         5


Dungeon Overview and Level Annotations

Branches:
Dungeon (9/15)                Orc (1/2) D:9
 Temple: D:4-7         Lair: D:8-11

Altars:
Hepliaklqana
Nemelex Xobeh
Qazlal
Uskayaw
Vehumet

Shops:
Orc:1 (


Innate Abilities, Weirdness & Mutations

You have very sharp teeth.
Your uncanny sense of smell can sniff out nearby items.
Your experience applies equally to all skills.
You are partially covered in large bone plates. (SH +4)
Armour fits poorly on your strangely shaped body.
You are weak. (Str -2)
You occasionally lose the ability to read scrolls when taking damage.
You expend magic power (3 MP) to strengthen your wands.


Message History

The orc warrior shouts!
You hit the orc priest but do no damage.
The orc priest is severely wounded.
You hear a shout! x2
An orc wizard comes into view. It is wielding a +0 dagger.
The orc priest misses you.
The orc warrior attacks as it pursues you!
The orc warrior hits you with a +0 flail of protection.
The orc warrior suddenly complains, in orcish tradition.
The orc priest calls down the wrath of Beogh upon you.
Beogh smites you!
An orc comes into view. It is wielding a +0 hand axe.
You hear a shout!
The orc shouts!
You hear a shout!
The orc priest calls down the wrath of Beogh upon you.
Beogh smites you!
An orc priest comes into view.
It is wielding a +1 flail of holy wrath.
The orc throws a boomerang.
The boomerang misses you.
An orc comes into view. It is wielding a +0 flail.
The orc warrior attacks as it pursues you!
The orc warrior barely misses you.
The orc warrior attacks as it pursues you!
The orc warrior hits you with a +0 flail of protection!
* * * LOW HITPOINT WARNING * * *
Aiming: Paralyse
Press: ? - help, Shift-Dir - straight line, f - orc warrior
Aim: an orc warrior, wielding a +0 flail of protection and wearing a +0 chain mail (chance to affect: 68%)
You feel a surge of power!
The orc warrior suddenly stops moving!
The now-empty wand crumbles to dust.
Unknown command.
The helpless orc warrior fails to defend itself.
You spit the orc warrior like a pig!!!
You kill the orc warrior!
Vehumet accepts your kill.
The orc priest mumbles some strange prayers to Beogh against you.
Beogh smites you!
* * * LOW HITPOINT WARNING * * *
The orc priest invokes the aid of Beogh against you.
Beogh smites you!
You die...

....###....##
...###......#
..#####...#.#
...#.....##.# ###
.........#### ##[#
..........# #<####
#.......### ###))#.##
#....#..# #.)[....#
....##..#####.).@..##
....##....#........####
......∩.....)..o......#
.......##.......#.....#
...##..##.......#.....#
...##......o..####.....#
...##.....o.....#.....#.
....#....o.....#.#...#.
......................#


You could see 2 orc warriors, an orc priest and an orc.

Vanquished Creatures
  A komodo dragon (D:8)
  4 yaks (D:9)
  2 wraiths
  An acid dragon (D:8)
  A water moccasin (D:9)
  9 orc warriors
  An ice beast (D:8)
  2 ogres
  A phantom (D:5)
  A kobold brigand (D:8)
  A gnoll sergeant (D:8)
  A scorpion (D:4)
  4 wights (D:9)
  3 howler monkeys
  A bombardier beetle (D:5)
  4 crimson imps (D:8)
  A hound (D:5)
  4 orc priests
  2 sleepcaps
  2 iguanas (D:5)
  5 orc wizards
  Natasha (D:2)
  11 gnolls
  2 adders (D:5)
  3 white imps (D:8)
  3 dart slugs
  2 ribbon worms (D:3)
  21 orcs
  2 ball pythons
  3 bats
  An endoplasm (D:4)
  3 goblins
  3 hobgoblins
  2 jackals (D:1)
  8 kobolds
  2 rats
118 creatures vanquished.

Notes
Turn   | Place    | Note
-------+----------+-------------------------------------------
     0 | D:1      | zazu2006 the Gnoll Wanderer began the quest for the Orb.
     0 | D:1      | zazu2006 set off with the following items: a +2 short
                  | sword, a +0 sling, a +0 pair of boots, a potion of haste, a
                  | +0 robe.
     0 | D:1      | Reached XP level 1. HP: 13/13 MP: 2/2
    41 | D:1      | Reached XP level 2. HP: 19/19 MP: 3/3
   170 | D:2      | Noticed Natasha
   184 | D:2      | Killed Natasha
   185 | D:2      | Reached XP level 3. HP: 25/25 MP: 3/5
   242 | D:3      | Reached skill level 1 in Fighting
   242 | D:3      | Reached skill level 1 in Long Blades
   242 | D:3      | Reached skill level 1 in Axes
   242 | D:3      | Reached skill level 1 in Maces & Flails
   242 | D:3      | Reached skill level 1 in Polearms
   242 | D:3      | Reached skill level 1 in Staves
   242 | D:3      | Reached skill level 1 in Throwing
   242 | D:3      | Reached skill level 1 in Stealth
   242 | D:3      | Reached skill level 1 in Shields
   242 | D:3      | Reached skill level 1 in Unarmed Combat
   242 | D:3      | Reached skill level 1 in Spellcasting
   242 | D:3      | Reached skill level 1 in Evocations
   343 | D:3      | Reached skill level 1 in Shapeshifting
   343 | D:3      | Reached XP level 4. HP: 32/32 MP: 6/6
   359 | D:3      | Reached skill level 1 in Conjurations
   359 | D:3      | Reached skill level 1 in Hexes
   359 | D:3      | Reached skill level 1 in Summonings
   359 | D:3      | Reached skill level 1 in Necromancy
   359 | D:3      | Reached skill level 1 in Translocations
   359 | D:3      | Reached skill level 1 in Fire Magic
   359 | D:3      | Reached skill level 1 in Ice Magic
   359 | D:3      | Reached skill level 1 in Air Magic
   359 | D:3      | Reached skill level 1 in Earth Magic
   359 | D:3      | Reached skill level 1 in Alchemy
   456 | D:4      | Identified the +0 robe of Hadjma {Slay+2}
   535 | D:4      | Noticed a scorpion
   538 | D:4      | Killed a scorpion
   539 | D:4      | Reached XP level 5. HP: 37/37 MP: 7/7
   546 | D:5      | Entered Level 5 of the Dungeon
   594 | D:5      | Gained mutation: You are dopey. (Int -2) [potion of
                  | mutation]
   594 | D:5      | Gained mutation: Armour fits poorly on your strangely
                  | shaped body. [potion of mutation]
   594 | D:5      | Gained mutation: You have a pair of small horns on your
                  | head. [potion of mutation]
   595 | D:5      | Lost mutation: You have a pair of small horns on your head.
                  | [potion of mutation]
   595 | D:5      | Lost mutation: You are dopey. (Int -2) [potion of mutation]
   595 | D:5      | Gained mutation: You are weak. (Str -2) [potion of
                  | mutation]
   595 | D:5      | Gained mutation: You occasionally lose the ability to read
                  | scrolls when taking damage. [potion of mutation]
   595 | D:5      | Gained mutation: You are partially covered in large bone
                  | plates. (SH +4) [potion of mutation]
   595 | D:5      | Gained mutation: You expend magic power (3 MP) to
                  | strengthen your wands. [potion of mutation]
   602 | D:5      | Reached XP level 6. HP: 16/44 MP: 8/8
   745 | D:5      | Reached skill level 5 in Ranged Weapons
   745 | D:5      | Reached skill level 5 in Dodging
   812 | D:5      | Reached XP level 7. HP: 22/51 MP: 10/10
   846 | D:5      | Noticed a +0 falchion
   846 | D:5      | Noticed a +0 spear
   847 | D:5      | Noticed a +0 dagger
   847 | D:5      | Noticed a +0 spear
   847 | D:5      | Noticed a +0 falchion
   848 | D:5      | Noticed a +0 short sword
   848 | D:5      | Noticed a +0 short sword
   849 | D:5      | Noticed a +0 dagger
   851 | D:5      | Found a hide-covered altar of Uskayaw.
   949 | D:6      | Found a stormy altar of Qazlal.
  1021 | D:7      | Reached skill level 9 in Short Blades
  1170 | D:8      | Noticed a komodo dragon
  1180 | D:8      | Killed a komodo dragon
  1181 | D:8      | Reached XP level 8. HP: 58/58 MP: 8/12
  1441 | D:8      | Found a hazy altar of Hepliaklqana.
  1519 | D:8      | Reached skill level 5 in Invocations
  1554 | D:8      | Noticed a wraith
  1580 | D:8      | Reached XP level 9. HP: 26/65 MP: 6/14
  1869 | D:8      | Found a sparkling altar of Nemelex Xobeh.
  1883 | D:8      | Reached skill level 5 in Armour
  1908 | D:8      | Found a radiant altar of Vehumet.
  1915 | D:8      | Became a worshipper of Vehumet
  2876 | D:9      | Found a staircase to the Orcish Mines.
  2893 | D:9      | Reached skill level 5 in Fighting
  2893 | D:9      | Reached skill level 5 in Long Blades
  2893 | D:9      | Reached skill level 5 in Axes
  2893 | D:9      | Reached skill level 5 in Maces & Flails
  2893 | D:9      | Reached skill level 5 in Polearms
  2893 | D:9      | Reached skill level 5 in Staves
  2893 | D:9      | Reached skill level 5 in Throwing
  2893 | D:9      | Reached skill level 5 in Stealth
  2893 | D:9      | Reached skill level 5 in Shields
  2893 | D:9      | Reached skill level 5 in Unarmed Combat
  2893 | D:9      | Reached skill level 5 in Spellcasting
  2893 | D:9      | Reached skill level 5 in Evocations
  2893 | D:9      | Reached XP level 10. HP: 71/74 MP: 13/17
  2935 | Orc:1    | Entered Level 1 of the Orcish Mines
  2942 | Orc:1    | Found Aggiam's Weapon Emporium.
  2979 | D:9      | Reached skill level 10 in Short Blades
  3017 | Orc:1    | Reached * piety under Vehumet
  3017 | Orc:1    | Offered knowledge of Shock by Vehumet.
  3384 | Orc:1    | Killed from afar by an orc priest

Illustrated notes

Levels and vault maps discovered:
D:1:      saegor_arrival_simple_b, layout_rooms
D:2:      layout_basic, uniq_natasha
D:3:      layout_rooms, lemuel_zombie_altar_yredelemnul,
          lemuel_coloured_pillars_altar, mainiacjoe_overflow_alcove_2,
          supply_closet_lemuel
D:4:      layout_basic, nicolae_dithmenos_through_a_glass_darkly
D:5:      layout_basic, nicolae_uskayaw_en_pointe,
          minmay_temple_entry_antechambers
D:6:      nicolae_cairo_tiling, layout_basic, grunt_qazlal_clouds,
          minmay_misc_feat_alley, uniq_maggie
D:7:      layout_basic, regret_index_xom_of_box
D:8:      layout_rooms, mainiacjoe_overflow_tiny_flanked, kennysheep_little_box,
          marbit_many_paths, minmay_fire_ice_demons
D:9:      layout_stronghold, chequers_temple_overflow_minitemple,
          lemuel_round_altar, david_orc_3
Orc:1:    layout_diamond_mine, serial_shops, nicolae_square_shop

Skill      XL: |  1  2  3  4  5  6  7  8  9 10 |
---------------+-------------------------------+-----
Fighting       | 1 2 3 5 |  5.2
Long Blades    | 1 2 3 5 |  5.2
Axes           | 1 2 3 5 |  5.2
Maces & Flails | 1 2 3 5 |  5.2
Polearms       | 1 2 3 5 |  5.2
Staves         | 1 2 3 5 |  5.2
Throwing       | 1 2 3 5 |  5.2
Stealth        | 1 2 3 5 |  5.2
Shields        | 1 2 3 5 |  5.2
Unarmed Combat | 1 2 3 5 |  5.2
Spellcasting   | 1 2 3 5 |  5.2
Evocations     | 1 2 3 5 |  5.2
Shapeshifting  | 1 2 3 4 |  4.7
Conjurations   | 1 2 3 4 |  4.3
Hexes          | 1 2 3 4 |  4.3
Summonings     | 1 2 3 4 |  4.3
Necromancy     | 1 2 3 4 |  4.3
Translocations | 1 2 3 4 |  4.3
Fire Magic     | 1 2 3 4 |  4.3
Ice Magic      | 1 2 3 4 |  4.3
Air Magic      | 1 2 3 4 |  4.3
Earth Magic    | 1 2 3 4 |  4.3
Alchemy        | 1 2 3 4 |  4.3
Armour         | 3 4 5 |  5.9
Invocations    | 3 4 5 6 |  6.3
Ranged Weapons | 5 6 7 |  7.0
Dodging        | 5 6 7 |  7.0
Short Blades   | 9 10 | 10.0

Action                     |  1- 3 |  4- 6 |  7- 9 | 10-12 || total
---------------------------+-------+-------+-------+-------++-------
  Melee: Short sword       |    77 |    86 |   296 |    87 ||   546
         Bite              |     9 |    10 |    40 |    10 ||    69
  Throw: Dart              |       |       |    10 |     3 ||    13
  Evoke: Wand              |       |       |    14 |     1 ||    15
    Use: Potion            |       |     3 |       |       ||     3
         Scroll            |       |       |     5 |     1 ||     6
   Stab: Sleeping          |     2 |     4 |     4 |       ||    10
         Paralysed         |       |       |     7 |     1 ||     8
 Armour: Robe              |    11 |    22 |    63 |    27 ||   123
  Dodge: Dodged            |    34 |    22 |    74 |    25 ||   155
  Block: Other             |     7 |    12 |    76 |    19 ||   114
         Reflection        |       |       |     8 |     1 ||     9

Table legend: (Time is in decaauts)
 A = Elapsed time spent in this place.
 B = Non-inter-level travel time spent in this place.
 C = Inter-level travel time spent in this place.
 D = Time resting spent in this place.
 E = Time spent auto-exploring this place.
 F = Levels seen in this place.
 G = Mean time per level.
                   A        B        C        D        E       F      G
               +--------+--------+--------+--------+--------+-----+--------+
         Total |   3143 |   3105 |     38 |     58 |   1634 |  10 |  314.3 |
       Dungeon |   2767 |   2729 |     38 |     58 |   1376 |   9 |  307.4 |
  Orcish Mines |    375 |    375 |      0 |      0 |    258 |   1 |  375.0 |
               +--------+--------+--------+--------+--------+-----+--------+

Top non-repeatable levels by time:
     D:8: 1001 daAuts
     D:9: 771 daAuts
   Orc:1: 375 daAuts
     D:5: 283 daAuts
     D:4: 174 daAuts
     D:3: 141 daAuts
     D:6: 138 daAuts
     D:2: 98 daAuts
     D:1: 87 daAuts
     D:7: 69 daAuts
